 Dungeon Crawl Stone Soup version 0.30-a0-142-g7370640ec8 (webtiles) character file.

Game seed: 14409682800196581263

427 qw the Chopper (level 6, -4/38 HPs)
             Began as a Gargoyle Fighter on Sept 26, 2022.
             Slain by a two-headed ogre
             ... wielding a +0 giant spiked club
              (12 damage)
             ... on level 5 of the Dungeon.
             The game lasted 00:01:20 (3615 turns).

qw the Chopper (Gargoyle Fighter)                   Turns: 3615, Time: 00:01:20

Health: -4/38      AC: 12    Str: 21    XL:     6   Next: 97%
Magic:  6/6        EV:  9    Int:  9    God:
Gold:   198        SH:  4    Dex:  9    Spells: 5/5 levels left

rFire   . . .      SeeInvis .    Y - +2 war axe
rCold   . . .      Faith    .    c - +0 buckler
rNeg    + . .      Spirit   .    b - +0 scale mail
rPois   inf        Reflect  .    (no helmet)
rElec   +          Harm     .    l - +0 cloak
rCorr   .          Rampage  .    (no gloves)
Will    .....                    (no boots)
Stlth   ..........               (no amulet)
HPRegen 0.12/turn                (no ring)
MPRegen 0.10/turn                (no ring)

@: about to teleport
A: sickness immunity, AC +4, negative energy resistance 1, electricity
resistance, torment resistance 1, petrification resistance
a: no special abilities


You were on level 5 of the Dungeon.
You visited 1 branch of the dungeon, and saw 5 of its levels.

You collected 328 gold pieces.
You spent 130 gold pieces at shops.


Innate Abilities, Weirdness & Mutations

You are immune to sickness and miasma.
Your stone body is resilient. (AC +4)
You are immune to poison.
You resist negative energy. (rN+)
You are resistant to electric shocks. (rElec)
You are resistant to unholy torment.
You are immune to petrification.


   Skills:
 - Level 4.0 Fighting
 + Level 5.9 Axes
 - Level 1.1 Throwing
 - Level 3.2 Armour
 - Level 1.0 Dodging
 - Level 3.2 Shields


You had 5 spell levels left.
You didn't know any spells.
Your spell library was empty.

Inventory:

Hand Weapons
 e - a +0 flail
 Y - a +2 war axe (weapon)
Missiles
 k - a javelin (quivered)
Armour
 b - a +0 scale mail (worn)
 c - a +0 buckler (worn)
 l - a +0 cloak (worn)
Scrolls
 a - a scroll of identify
Potions
 d - a potion of might
 f - a potion of curing
 g - a potion of lignification
 h - a potion of flight {unknown}
 j - a potion of cancellation {unknown}
 m - 2 potions of heal wounds {unknown}

Dungeon Overview and Level Annotations

Branches:
Dungeon (5/15)
 Temple: D:4-7

Altars:

Shops:
D:3 [


Message History

The orc shouts!
Throw: javelin
Press: ? - help, Q - select action Shift-Dir - straight line, f - orc You throw a javelin.
The javelin barely misses the orc.
You completely miss the orc. The orc hits you with a +0 hand axe.
You hit the orc.
The orc is heavily wounded.
You block the orc's attack. The orc hits you but does no damage.
You slash the orc!
You kill the orc!
You start resting.
HP restored.
You see here a +0 hand axe.
You see here a +0 robe.
k - a javelin You now have 198 gold pieces (gained 11).
An orc wizard comes into view. It is wielding a +0 dagger.
Enter note:
3609 ||| Stepping ~*~*~tactically~*~*~ (stealth).
A two-headed ogre comes into view.
It is wielding two +0 giant spiked clubs.
Found an inky potion.
The two-headed ogre shouts in stereo!
You hit the two-headed ogre but do no damage.
The two-headed ogre hits you with a +0 giant spiked club! x2
You slash the two-headed ogre!
The two-headed ogre is moderately wounded.
You block the two-headed ogre's attack.
The two-headed ogre hits you with a +0 giant spiked club.
You barely miss the two-headed ogre.
The two-headed ogre is moderately wounded.
The two-headed ogre hits you with a +0 giant spiked club!
The two-headed ogre misses you.
3614 ||| READING scroll of teleportation.
As you read the scroll of teleportation, it crumbles to dust.
You feel strangely unstable.
You slash the two-headed ogre!
The two-headed ogre is moderately wounded.
The two-headed ogre hits you with a +0 giant spiked club!
You die...

#. #.# # ## ##.# #.###
.##. ...# ###.... ...
...####.....## #.. ...
... #.... #.. ##.# #.#
##... #####..##..# #.#
#...[ .......#..# #.#
#..#. #....@..### #.#
##.##.
#...O###..###.###..##.
##... ##..##.....##..
#...# ##...........)
..... ##.......###.
!.#### #.......##### .
...#o.#....#..
..###..#....... ..##
#.##....###


You could see a two-headed ogre.

Vanquished Creatures
  3 scorpions (D:4)
  A hound (D:5)
  A jelly (D:4)
  4 gnolls (D:4)
  7 adders
  A shadow imp (D:5)
  An ufetubus (D:4)
  2 worms
  3 dart slugs
  3 orcs
  5 ball pythons
  4 bats
  4 endoplasms
  12 goblins
  4 hobgoblins
  7 kobolds
  2 quokkas (D:1)
  3 frilled lizards (D:1)
  4 rats
71 creatures vanquished.

Vanquished Creatures (others)
  A plant (D:4)
1 creature vanquished.

Grand Total: 72 creatures vanquished

Notes
Turn   | Place    | Note
-------+----------+-------------------------------------------
     0 | D:1      | qw the Gargoyle Fighter began the quest for the Orb.
     0 | D:1      | Reached XP level 1. HP: 14/14 MP: 1/1
     0 | D:1      | 0 ||| qw: Version: 0.2-a-10-g399e6c4
     0 | D:1      | 0 ||| qw: Game counter: 486
     0 | D:1      | 0 ||| qw: Always use a shield: true
     0 | D:1      | 0 ||| qw: God list: Okawaru
     0 | D:1      | 0 ||| qw: Allow faded altars: false
     0 | D:1      | 0 ||| qw: Do Orc after D:15 true
     0 | D:1      | 0 ||| qw: Do second Lair branch before Depths: true
     0 | D:1      | 0 ||| qw: Lair rune preference: random
     0 | D:1      | 0 ||| qw: Plans: Normal, Zot:1-4, God:TSO, Crypt, Tomb,
                  | Pan, Slime:5, Hells, Abyss, Orb
     0 | D:1      | 0 ||| PLANNING D:1-11
    14 | D:1      | Reached skill level 2 in Axes
    43 | D:1      | 43 ||| Stepping ~*~*~tactically~*~*~ (stealth).
    60 | D:1      | 60 ||| Stepping ~*~*~tactically~*~*~ (stealth).
    61 | D:1      | 61 ||| Stepping ~*~*~tactically~*~*~ (stealth).
    65 | D:1      | Reached XP level 2. HP: 19/19 MP: 2/2
   219 | D:1      | 219 ||| Stepping ~*~*~tactically~*~*~ (stealth).
   221 | D:1      | 221 ||| Stepping ~*~*~tactically~*~*~ (stealth).
   548 | D:1      | Reached skill level 3 in Axes
   696 | D:1      | 696 ||| DROPPING +0 club.
   717 | D:1      | Reached XP level 3. HP: 23/23 MP: 3/3
   753 | D:1      | 753 ||| READING 2 scrolls labelled GAEGREF FAAVI.
   761 | D:2      | 761 ||| STAIRDANCE
   766 | D:2      | 766 ||| STAIRDANCE
   787 | D:2      | 787 ||| STAIRDANCE
   796 | D:2      | 796 ||| STAIRDANCE
   881 | D:2      | Found a faded altar of an unknown god.
  1056 | D:2      | 1056 ||| FLEEEEING.
  1382 | D:2      | 1382 ||| READING scroll labelled LEHUZIAKOQ.
  1383 | D:2      | 1383 ||| READING scroll labelled WUETSI UNAVVUMAW.
  1388 | D:2      | 1388 ||| READING scroll labelled DAVIZIDICS.
  1389 | D:2      | 1389 ||| READING scroll labelled LEIDYC DUSK.
  1390 | D:2      | 1390 ||| READING 2 scrolls of identify.
  1390 | D:2      | 1390 ||| IDENTIFYING smoky grey potion
  1407 | D:3      | 1407 ||| DROPPING +0 whip.
  1784 | D:3      | Reached XP level 4. HP: 22/28 MP: 4/4
  1965 | D:3      | Found Besuicub's Antique Armour Emporium.
  1969 | D:3      | 1969 ||| BUYING cloak (130 gold).
  1969 | D:3      | Bought a cloak for 130 gold pieces
  1969 | D:3      | 1969 ||| SHOPLISTING crude leather armour (203 gold, have
                  | 79).
  1969 | D:3      | 1969 ||| SHOPLISTING heavily runed leather armour (203
                  | gold, have 79).
  1969 | D:3      | 1969 ||| SHOPLISTING pair of embroidered boots (217 gold,
                  | have 79).
  1969 | D:3      | 1969 ||| SHOPLISTING pair of embroidered gloves (217 gold,
                  | have 79).
  1969 | D:3      | 1969 ||| SHOPLISTING pair of runed boots (217 gold, have
                  | 79).
  1969 | D:3      | 1969 ||| SHOPLISTING steaming leather armour (203 gold,
                  | have 79).
  2086 | D:3      | Reached skill level 1 in Throwing
  2096 | D:3      | 2096 ||| Stepping ~*~*~tactically~*~*~ (hiding).
  2334 | D:3      | 2334 ||| UPGRADING to +0 cloak.
  2339 | D:3      | 2339 ||| READING 2 scrolls labelled ULIMEEPL WAVAR.
  2340 | D:3      | 2340 ||| READING scroll labelled ILERGHI ELEUBUI.
  2389 | D:3      | 2389 ||| READING scroll labelled KADOFOUQIA.
  2390 | D:3      | 2390 ||| DRINKING 2 ruby potions.
  2391 | D:3      | 2391 ||| READING 3 scrolls of identify.
  2391 | D:3      | 2391 ||| IDENTIFYING amethyst potion
  2392 | D:3      | 2392 ||| READING 2 scrolls of identify.
  2392 | D:3      | 2392 ||| IDENTIFYING fizzy purple potion
  2393 | D:3      | 2393 ||| DROPPING potion of brilliance.
  2394 | D:3      | 2394 ||| DROPPING potion of magic.
  2395 | D:3      | 2395 ||| DROPPING scroll of fear.
  2432 | D:4      | 2432 ||| STAIRDANCE
  2440 | D:4      | 2440 ||| STAIRDANCE
  2449 | D:4      | 2449 ||| STAIRDANCE
  2477 | D:4      | Noticed a scorpion
  2483 | D:4      | Killed a scorpion
  2484 | D:4      | Reached skill level 4 in Axes
  2484 | D:4      | Reached XP level 5. HP: 32/32 MP: 5/5
  2561 | D:4      | 2561 ||| Stepping ~*~*~tactically~*~*~ (stealth).
  2619 | D:4      | 2619 ||| FLEEEEING.
  2620 | D:4      | 2620 ||| FLEEEEING.
  2621 | D:4      | 2621 ||| FLEEEEING.
  2626 | D:4      | 2626 ||| Stepping ~*~*~tactically~*~*~ (stealth).
  2630 | D:4      | 2630 ||| FLEEEEING.
  2631 | D:4      | 2631 ||| FLEEEEING.
  2637 | D:4      | Reached skill level 5 in Axes
  2637 | D:4      | Reached XP level 6. HP: 28/37 MP: 6/6
  2637 | D:4      | 2637 ||| FLEEEEING.
  2785 | D:4      | 2785 ||| READING scroll of enchant weapon.
  2785 | D:4      | 2785 ||| ENCHANTING +1 war axe.
  2833 | D:4      | 2833 ||| DROPPING +0 mace of holy wrath.
  2863 | D:4      | 2863 ||| Stepping ~*~*~tactically~*~*~ (stealth).
  2930 | D:4      | Reached skill level 1 in Dodging
  3450 | D:4      | 3450 ||| READING scroll labelled FOIG ETUONIM.
  3451 | D:4      | 3451 ||| READING scroll labelled TETAIQ VIRHIV.
  3483 | D:5      | Entered Level 5 of the Dungeon
  3609 | D:5      | 3609 ||| Stepping ~*~*~tactically~*~*~ (stealth).
  3610 | D:5      | Noticed a two-headed ogre
  3613 | D:5      | HP: 7/38 [two-headed ogre/+0 giant spiked club (7)]
  3614 | D:5      | 3614 ||| READING scroll of teleportation.
  3615 | D:5      | Slain by a two-headed ogre

Levels and vault maps discovered:
D:1:      dpeg_arrival_shelter, layout_basic
D:2:      layout_rooms, ebering_ecumenical_altar_sacrificial
D:3:      layout_basic, serial_shops, nicolae_diamond_shop, serial_forest,
          infiniplex_forest_join, infiniplex_forest_lined_4_way,
          infiniplex_forest_corner_1, infiniplex_forest_join,
          infiniplex_forest_lined_1, hangedman_decor_peaks_small,
          minmay_misc_feat_nine_boxes
D:4:      layout_rooms, serial_bayou_pond_a
D:5:      layout_layer_cave

Skill      XL: |  1  2  3  4  5  6 |
---------------+-------------------+-----
Axes           | 2 3 4 5 |  5.9
Throwing       | 1 |  1.1
Fighting       | 4 |  4.0
Dodging        | 1 |  1.0
Armour         | |  3.2
Shields        | |  3.2

Action                   |  1- 3 |  4- 6 || total
-------------------------+-------+-------++-------
Melee: War axe           |   146 |    95 ||   241
Throw: Javelin           |       |    21 ||    21
  Use: Scroll            |     6 |     9 ||    15
       Potion            |       |     1 ||     1
Armor: Scale mail        |    69 |    47 ||   116
Dodge: Dodged            |    81 |    37 ||   118
Block: Buckler           |    32 |    27 ||    59

Table legend:
 A = Non-vault XP
 B = Vault XP
 C = Vault XP percentage of total XP
 D = Non-vault monster count
 E = Vault monster count
 F = Vault count percentage of total count
                 A         B        C        D         E       F
            +---------+---------+-------+---------+---------+-------
      Total |     611 |       0 |   0.0 |      71 |       0 |   0.0
            +---------+---------+-------+---------+---------+-------
        D:1 |      46 |       0 |   0.0 |      25 |       0 |   0.0
        D:2 |      26 |       0 |   0.0 |       9 |       0 |   0.0
        D:3 |      56 |       0 |   0.0 |      10 |       0 |   0.0
        D:4 |     426 |       0 |   0.0 |      24 |       0 |   0.0
        D:5 |      57 |       0 |   0.0 |       3 |       0 |   0.0
            +---------+---------+-------+---------+---------+-------
